ITL
LOUISVILLE BATS @ ALLENTOWN HILLBILLIES
07/29/2030
 
TOP OF THE 1ST
Louisville Bats batting - Pitching for Allentown Hillbillies : LHP Emílio Trevino
Pitching: LHP Emílio Trevino
Batting: RHB Roberto Zamora 0-0: Ball
1-0: Ball
2-0: Ball
3-0: Called Strike
3-1: Base on Balls
Batting: SHB Dave Henley 0-0: Ball
1-0: Foul Ball, location: 2F
1-1: Ball
2-1: Foul Ball, location: 2F
2-2: Ball
3-2: Foul Ball, location: 2F
3-2: Ground out 3-1 (Groundball, 34S)
Roberto Zamora to second
Batting: SHB Martín Medina 0-0: 2-RUN HOME RUN (Flyball, 7D), Distance : 373 ft
Batting: RHB Zhong Shui 0-0: Foul Ball, location: 2F
0-1: Ball
1-1: Fly out, F7 (Flyball, 7LSF)
Batting: LHB Mike Callahan 0-0: Ball
1-0: Ball
2-0: Ball
3-0: Base on Balls
Batting: RHB Júlio Sánchez 0-0: Called Strike
0-1: Ball
1-1: Ball
2-1: Swinging Strike
2-2: Foul Ball, location: 2F
2-2: Ball
3-2: Base on Balls
Mike Callahan to second
Batting: LHB George Smith 0-0: Foul Ball, location: 2F
0-1: Ball
1-1: Foul Ball, location: 2F
1-2: Fly out, F9 (Flyball, 89M)
Top of the 1st over - 2 runs, 1 hit, 0 errors, 2 left on base; Louisville 2 - Allentown 0
BOTTOM OF THE 1ST
Allentown Hillbillies batting - Pitching for Louisville Bats : LHP Albert Lebel
Pitching: LHP Albert Lebel
Batting: RHB Jeff Townsley 0-0: Foul Ball, location: 2F
0-1: Ball
1-1: Swinging Strike
1-2: SINGLE (Groundball, 34S) (infield hit)
Batting: RHB Von Ford 0-0: Ball
1-0: Swinging Strike
1-1: SINGLE (Groundball, 56D)
Jeff Townsley to second
Batting: RHB Albert Lutz 0-0: Ground out 5-3 (Groundball, 56S)
Jeff Townsley to third
Von Ford to second
Batting: RHB Germano Labrego 0-0: Called Strike
0-1: Ball
1-1: Swinging Strike
1-2: Strikes out looking
Batting: RHB Wyatt McKinnon 0-0: Ball
1-0: Swinging Strike
1-1: Ball
2-1: Foul Ball, location: 2F
2-2: Ground out 4-3 (Groundball, 4M)
Bottom of the 1st over - 0 runs, 2 hits, 0 errors, 2 left on base; Louisville 2 - Allentown 0
TOP OF THE 2ND
Louisville Bats batting - Pitching for Allentown Hillbillies : LHP Emílio Trevino
Batting: SHB Ryan Roberts 0-0: Fly out, F7 (Flyball, 7D)
Batting: LHB John Horton 0-0: SINGLE (Line Drive, 34D)
Batting: RHB Roberto Zamora 0-0: Called Strike
0-1: Called Strike
0-2: Ball
1-2: Ball
2-2: Ball
3-2: Foul Ball, location: 2F
3-2: Fly out, F7 (Flyball, 7S)
Batting: SHB Dave Henley 0-0: SINGLE (Groundball, 4MD)
John Horton to second
Runner from 2nd tries for 3rd, SAFE, no throw
Batting: SHB Martín Medina 0-0: Called Strike
0-1: Ball
1-1: Ball
2-1: Foul Ball, location: 2F
2-2: Foul Ball, location: 2F
2-2: Foul Ball, location: 2F
2-2: Fly out, F3 (Popup, 3SF)
Top of the 2nd over - 0 runs, 2 hits, 0 errors, 2 left on base; Louisville 2 - Allentown 0
BOTTOM OF THE 2ND
Allentown Hillbillies batting - Pitching for Louisville Bats : LHP Albert Lebel
Batting: RHB Justin Harris 0-0: Swinging Strike
0-1: SINGLE (Groundball, 6MD)
Batting: RHB Robert Bly 0-0: Foul Ball, location: 2F
0-1: Ball
1-1: Foul Ball, location: 2F
1-2: Strikes out swinging
Batting: RHB Marc Cox 0-0: Called Strike
0-1: DOUBLE (Line Drive, 7LD)
Justin Harris to third
Runner from 3rd tries for Home, SAFE, no throw
Batting: RHB Juan Magdayao 0-0: Ball
1-0: Foul Ball, location: 2F
1-1: Foul Ball, location: 2F
1-2: SINGLE (Line Drive, 8RS)
Marc Cox to third
Runner from 3rd tries for Home, SAFE, throw made home
Juan Magdayao to second
Batting: RHB Jeff Townsley 0-0: Called Strike
0-1: Ball
1-1: Called Strike
1-2: SINGLE (Groundball, 34S) (infield hit)
Juan Magdayao to third
Batting: RHB Von Ford 0-0: Called Strike
0-1: Foul Ball, location: 2F
0-2: Ball
1-2: Foul Ball, location: 2F
1-2: Foul Ball, location: 2F
1-2: Strikes out swinging
Batting: RHB Albert Lutz 0-0: Called Strike
0-1: Ball
1-1: Swinging Strike
1-2: 3-RUN HOME RUN (Flyball, 7LD), Distance : 372 ft
Batting: RHB Germano Labrego 0-0: SINGLE (Groundball, 5S) (infield hit)
Batting: RHB Wyatt McKinnon 0-0: DOUBLE (Flyball, 89D)
Germano Labrego to third
Runner from 3rd tries for Home, SAFE, no throw
Batting: RHB Justin Harris 0-0: SINGLE (Line Drive, 8RS)
Wyatt McKinnon to third
Runner from 3rd tries for Home, SAFE, throw made home
Pitching: RHP Valentín Mejía
Batting: RHB Robert Bly 0-0: SINGLE (Groundball, 34D)
Justin Harris to second
Runner from 2nd tries for 3rd, SAFE, throw made to third
Batting: RHB Marc Cox 0-0: Ball
1-0: Ball
2-0: Ball
3-0: Called Strike
3-1: Foul Ball, location: 2F
3-2: Base on Balls
Robert Bly to second
Batting: RHB Juan Magdayao 0-0: Ball
1-0: Foul Ball, location: 2F
1-1: Ball
2-1: Ball
3-1: Called Strike
3-2: Strikes out swinging
Bottom of the 2nd over - 7 runs, 9 hits, 0 errors, 3 left on base; Louisville 2 - Allentown 7
TOP OF THE 3RD
Louisville Bats batting - Pitching for Allentown Hillbillies : LHP Emílio Trevino
Batting: RHB Zhong Shui 0-0: Ball
1-0: SOLO HOME RUN (Flyball, 7LD), Distance : 367 ft
Batting: LHB Mike Callahan 0-0: Foul Ball, location: 2F
0-1: SINGLE (Groundball, 34D)
Batting: RHB Júlio Sánchez 0-0: Grounds into double play, 4-6-3 (Groundball, 4M)
Batting: LHB George Smith 0-0: Called Strike
0-1: Swinging Strike
0-2: Ball
1-2: Foul Ball, location: 2F
1-2: Strikes out swinging
Top of the 3rd over - 1 run, 2 hits, 0 errors, 0 left on base; Louisville 3 - Allentown 7
BOTTOM OF THE 3RD
Allentown Hillbillies batting - Pitching for Louisville Bats : RHP Valentín Mejía
Batting: RHB Jeff Townsley 0-0: Called Strike
0-1: Foul Ball, location: 2F
0-2: Fly out, F8 (Flyball, 8RD)
Batting: RHB Von Ford 0-0: Ball
1-0: SINGLE (Groundball, 15S) (infield hit)
Batting: RHB Albert Lutz 0-0: Ball
1-0: Foul Ball, location: 2F
1-1: Ball
2-1: Ball
3-1: Grounds into double play, 5-4-3 (Groundball, 56)
Bottom of the 3rd over - 0 runs, 1 hit, 0 errors, 0 left on base; Louisville 3 - Allentown 7
TOP OF THE 4TH
Louisville Bats batting - Pitching for Allentown Hillbillies : LHP Emílio Trevino
Batting: SHB Ryan Roberts 0-0: Swinging Strike
0-1: Foul Ball, location: 2F
0-2: Foul Ball, location: 2F
0-2: Ball
1-2: Ball
2-2: Ball
3-2: Base on Balls
Batting: LHB John Horton 0-0: Ball
1-0: Ball
2-0: Ball
3-0: Base on Balls
Ryan Roberts to second
Batting: RHB Roberto Zamora 0-0: Swinging Strike
0-1: Ball
1-1: Grounds into double play, 6-4-3 (Groundball, 6)
Ryan Roberts to third
Batting: SHB Dave Henley 0-0: Foul Ball, location: 2F
0-1: Ball
1-1: Ball
2-1: Foul Ball, location: 2F
2-2: Fly out, F9 (Flyball, 9LM)
Top of the 4th over - 0 runs, 0 hits, 0 errors, 1 left on base; Louisville 3 - Allentown 7
BOTTOM OF THE 4TH
Allentown Hillbillies batting - Pitching for Louisville Bats : RHP Valentín Mejía
Batting: RHB Germano Labrego 0-0: Ball
1-0: Ball
2-0: Ball
3-0: Base on Balls
Batting: RHB Wyatt McKinnon 0-0: Foul Ball, location: 2F
0-1: Swinging Strike
0-2: Foul Ball, location: 2F
0-2: Ball
1-2: SINGLE (Groundball, 4D)
Germano Labrego to second
Runner from 2nd tries for 3rd, SAFE, no throw
Batting: RHB Justin Harris 0-0: Ground out 5-3 (Groundball, 5S)
Germano Labrego scores
Wyatt McKinnon to second
Batting: RHB Robert Bly 0-0: Foul Ball, location: 2F
0-1: Called Strike
0-2: Ball
1-2: Ball
2-2: Foul Ball, location: 2F
2-2: Fly out, F8 (Flyball, 8LM)
Batting: RHB Marc Cox 0-0: Called Strike
0-1: Ball
1-1: Ball
2-1: Ball
3-1: Called Strike
3-2: Foul Ball, location: 2F
3-2: Strikes out looking
Bottom of the 4th over - 1 run, 1 hit, 0 errors, 1 left on base; Louisville 3 - Allentown 8
TOP OF THE 5TH
Louisville Bats batting - Pitching for Allentown Hillbillies : LHP Emílio Trevino
Batting: SHB Martín Medina 0-0: Called Strike
0-1: Ball
1-1: Ball
2-1: Foul Ball, location: 2F
2-2: SINGLE (Groundball, 56) (infield hit)
Pitching: RHP Coy Torres
Batting: RHB Zhong Shui 0-0: Ball
1-0: Ball
2-0: Called Strike
2-1: Ball
3-1: Foul Ball, location: 2F
3-2: Foul Ball, location: 2F
3-2: SINGLE (Groundball, 34S) (infield hit)
Martín Medina to second
Batting: LHB Mike Callahan 0-0: Called Strike
0-1: Ball
1-1: Called Strike
1-2: Strikes out swinging
Batting: RHB Júlio Sánchez 0-0: Ball
1-0: Ball
2-0: Ball
Martín Medina steals 3rd base
Zhong Shui to second
3-0: Called Strike
3-1: Fly out, F8 (Line Drive, 8RD)
Runner from 3rd tags up, SCORES, throw made
Batting: LHB George Smith 0-0: Called Strike
0-1: Ball
1-1: Foul Ball, location: 2F
1-2: Ball
2-2: Strikes out looking
Top of the 5th over - 1 run, 2 hits, 0 errors, 1 left on base; Louisville 4 - Allentown 8
BOTTOM OF THE 5TH
Allentown Hillbillies batting - Pitching for Louisville Bats : RHP Valentín Mejía
Batting: RHB Juan Magdayao 0-0: Foul Ball, location: 2F
0-1: Ball
1-1: Ball
2-1: Ball
3-1: Ground out 4-3 (Groundball, 34)
Batting: RHB Jeff Townsley 0-0: Called Strike
0-1: Ball
1-1: Fly out, F8 (Line Drive, 8LS)
Pitching: LHP Denny Welch
Batting: RHB Von Ford 0-0: Ball
1-0: Fly out, F7 (Flyball, 7)
Bottom of the 5th over - 0 runs, 0 hits, 0 errors, 0 left on base; Louisville 4 - Allentown 8
TOP OF THE 6TH
Louisville Bats batting - Pitching for Allentown Hillbillies : RHP Coy Torres
Batting: SHB Ryan Roberts 0-0: DOUBLE (Line Drive, 9LM)
Batting: LHB John Horton 0-0: Ground out 5-3 (Groundball, 5)
Batting: RHB Roberto Zamora 0-0: Ball
1-0: Ball
2-0: Ball
3-0: Called Strike
3-1: Swinging Strike
3-2: Fly out, F8 (Line Drive, 78D)
Batting: SHB Dave Henley 0-0: Ball
1-0: Swinging Strike
1-1: Ball
2-1: SINGLE (Line Drive, 6D)
Ryan Roberts to third
Runner from 3rd tries for Home, SAFE, no throw
Batting: SHB Martín Medina 0-0: Swinging Strike
0-1: Foul Ball, location: 2F
0-2: Ball
1-2: Strikes out swinging
Top of the 6th over - 1 run, 2 hits, 0 errors, 1 left on base; Louisville 5 - Allentown 8
BOTTOM OF THE 6TH
Allentown Hillbillies batting - Pitching for Louisville Bats : LHP Denny Welch
Batting: RHB Albert Lutz 0-0: Foul Ball, location: 2F
0-1: Called Strike
0-2: Reached on error, E6 (Groundball, 6)
Batting: RHB Germano Labrego 0-0: Called Strike
0-1: Grounds into double play, 5-4-3 (Groundball, 56)
Batting: RHB Wyatt McKinnon 0-0: Called Strike
0-1: Ball
1-1: Swinging Strike
1-2: Strikes out swinging
Bottom of the 6th over - 0 runs, 0 hits, 1 error, 0 left on base; Louisville 5 - Allentown 8
TOP OF THE 7TH
Louisville Bats batting - Pitching for Allentown Hillbillies : RHP Coy Torres
Batting: RHB Zhong Shui 0-0: Ball
1-0: Swinging Strike
1-1: Ball
2-1: Ball
3-1: Base on Balls
Pitching: LHP Alejandro Castillo
Batting: LHB Mike Callahan 0-0: Called Strike
0-1: Ball
1-1: Ball
2-1: Ball
3-1: Foul Ball, location: 2F
3-2: Foul Ball, location: 2F
3-2: Ground out 4-3 (Groundball, 4)
Zhong Shui to second
Batting: RHB Júlio Sánchez 0-0: Ground out 4-3 (Groundball, 4MS)
Zhong Shui to third
Batting: LHB George Smith 0-0: Called Strike
0-1: Called Strike
0-2: Ball
1-2: SINGLE (Line Drive, 4D)
Zhong Shui scores
Batting: SHB Ryan Roberts 0-0: Called Strike
0-1: Ball
1-1: Swinging Strike
1-2: Ball
2-2: Strikes out swinging
Top of the 7th over - 1 run, 1 hit, 0 errors, 1 left on base; Louisville 6 - Allentown 8
BOTTOM OF THE 7TH
Allentown Hillbillies batting - Pitching for Louisville Bats : LHP Denny Welch
Batting: RHB Justin Harris 0-0: Foul Ball, location: 2F
0-1: Ball
1-1: Foul Ball, location: 2F
1-2: Ball
2-2: Strikes out looking
Batting: RHB Robert Bly 0-0: Swinging Strike
0-1: Ball
1-1: SINGLE (Groundball, 6MD)
Batting: RHB Marc Cox 0-0: Ball
1-0: Grounds into double play, 4-6-3 (Groundball, 4)
Bottom of the 7th over - 0 runs, 1 hit, 0 errors, 0 left on base; Louisville 6 - Allentown 8
TOP OF THE 8TH
Louisville Bats batting - Pitching for Allentown Hillbillies : LHP Alejandro Castillo
Batting: LHB John Horton 0-0: Ball
1-0: Swinging Strike
1-1: Foul Ball, location: 2F
1-2: Fly out, F8 (Flyball, 8LXD)
Batting: RHB Roberto Zamora 0-0: Foul Ball, location: 2F
0-1: Ball
1-1: Ball
2-1: Called Strike
2-2: Foul Ball, location: 2F
2-2: Foul Ball, location: 2F
2-2: Foul Ball, location: 2F
2-2: Strikes out swinging
Batting: SHB Dave Henley 0-0: Swinging Strike
0-1: SINGLE (Groundball, 3D)
Batting: SHB Martín Medina 0-0: Ball
1-0: Reached on error, E5 (Groundball, 56)
Dave Henley to third
Pitching: RHP Mike Pierce
Batting: RHB Zhong Shui 0-0: 3-RUN HOME RUN (Flyball, 9D), Distance : 362 ft
Batting: LHB Mike Callahan 0-0: Called Strike
0-1: Ball
1-1: Called Strike
1-2: Foul Ball, location: 2F
1-2: Strikes out swinging
Top of the 8th over - 3 runs, 2 hits, 1 error, 0 left on base; Louisville 9 - Allentown 8
BOTTOM OF THE 8TH
Allentown Hillbillies batting - Pitching for Louisville Bats : LHP Denny Welch
Batting: RHB Juan Magdayao 0-0: Fly out, F7 (Flyball, 7D)
Batting: RHB Jeff Townsley 0-0: Foul Ball, location: 2F
0-1: SINGLE (Groundball, 56S) (infield hit)
Pitching: RHP Larry Jenkins
Batting: RHB Von Ford 0-0: Ball
1-0: Called Strike
1-1: Called Strike
1-2: Strikes out swinging
Batting: RHB Albert Lutz 0-0: Ball
1-0: Foul Ball, location: 2F
1-1: Ball
2-1: Ball
3-1: Foul Ball, location: 2F
3-2: Base on Balls
Jeff Townsley to second
Batting: RHB Germano Labrego 0-0: Ball
1-0: Ball
2-0: Ball
3-0: Base on Balls
Jeff Townsley to third
Albert Lutz to second
Batting: RHB Wyatt McKinnon 0-0: Swinging Strike
0-1: Ball
1-1: Swinging Strike
1-2: Ball
2-2: Foul Ball, location: 2F
2-2: Ball
3-2: Foul Ball, location: 2F
3-2: Strikes out swinging
Bottom of the 8th over - 0 runs, 1 hit, 0 errors, 3 left on base; Louisville 9 - Allentown 8
TOP OF THE 9TH
Louisville Bats batting - Pitching for Allentown Hillbillies : RHP Mike Pierce
Batting: RHB Júlio Sánchez 0-0: Ground out 6-3 (Groundball, 6)
Batting: LHB George Smith 0-0: Ball
1-0: Swinging Strike
1-1: Called Strike
1-2: Ball
2-2: Foul Ball, location: 2F
2-2: Ball
3-2: Base on Balls
Batting: SHB Ryan Roberts 0-0: Ball
1-0: Swinging Strike
1-1: Foul Ball, location: 2F
1-2: Ball
2-2: Foul Ball, location: 2F
2-2: Fielders Choice at 2nd, 3-6 (Groundball, 3)
Batting: LHB John Horton 0-0: Called Strike
0-1: Swinging Strike
0-2: Ball
1-2: Strikes out swinging
Top of the 9th over - 0 runs, 0 hits, 0 errors, 1 left on base; Louisville 9 - Allentown 8
BOTTOM OF THE 9TH
Allentown Hillbillies batting - Pitching for Louisville Bats : RHP Larry Jenkins
Pitching: RHP Arthur Martínez
Now in LF: Ralph Cobb
Now in RF: Héctor Rentería
Batting: RHB Justin Harris 0-0: Ball
1-0: Ball
2-0: Called Strike
2-1: Called Strike
2-2: SINGLE (Groundball, 4MD)
Batting: RHB Robert Bly 0-0: Ground out 6-3 (Groundball, 6S)
Justin Harris to second
Batting: RHB Marc Cox 0-0: Called Strike
0-1: Foul Ball, location: 2F
0-2: Ball
1-2: Ball
2-2: Foul Ball, location: 2F
2-2: Foul Ball, location: 2F
2-2: Ball
3-2: Foul Ball, location: 2F
3-2: Strikes out swinging
Pinch Hitting: LHB Mason Mabbett 0-0: Foul Ball, location: 2F
0-1: Ball
1-1: Ball
2-1: Swinging Strike
2-2: Foul Ball, location: 2F
2-2: Ball
3-2: Strikes out swinging
Bottom of the 9th over - 0 runs, 1 hit, 0 errors, 1 left on base; Louisville 9 - Allentown 8
Saturday, April 7th, 2018 - OOTP Baseball 18.8 Build 76